 Dungeon Crawl Stone Soup version 0.22-a0-248-gc8378ba (webtiles) character file.

51 KristoblXynda the Caller (level 3, -1/26 HPs)
             Began as a Draconian Summoner on Feb 28, 2018.
             Slain by a quokka (2 damage)
             ... on level 2 of the Dungeon.
             The game lasted 00:03:19 (1573 turns).

KristoblXynda the Caller (Draconian Summoner)       Turns: 1573, Time: 00:03:20

Health: -1/26      AC:  6    Str: 10    XL:     3   Next: 57%
Magic:  4/6        EV: 12    Int: 16    God:
Gold:   45         SH:  0    Dex: 11    Spells: 5/6 levels left

rFire    + . .     SeeInvis .     - Unarmed
rCold    + . .     Gourm    .   (no shield)
rNeg     . . .     Faith    .   (armour unavailable)
rPois    +         Spirit   .   (helmet restricted)
rElec    +         Reflect  .   (no cloak)
rCorr    +         Harm     .   (no gloves)
MR       .....                  i - +0 pair of boots
Stlth    ++........             (no amulet)
HPRegen  0.08/turn              (no ring)
MPRegen  0.10/turn              (no ring)

@: resistant
A: unfitting armour, cold-blooded, AC +5
a: no special abilities


You were on level 2 of the Dungeon.
You were near starving.

You visited 1 branch of the dungeon, and saw 2 of its levels.

You collected 45 gold pieces.

Inventory:

Armour
 i - a +0 pair of boots (worn)
Jewellery
 j - an uncursed amulet of the acrobat {unknown}
Scrolls
 e - a scroll of fog {unknown}
 h - 2 scrolls of remove curse
Potions
 b - 2 potions of lignification
 c - a potion of might {unknown}
 d - a potion of resistance
 f - a potion of berserk rage {unknown}
 g - a potion of agility {unknown}
Comestibles
 a - 3 rations


   Skills:
 + Level 2.3 Dodging
 - Level 1.7 Stealth
 * Level 2.2 Unarmed Combat
 - Level 2.0 Spellcasting
 + Level 4.3 Summonings


You had 5 spell levels left.
You knew the following spells:

 Your Spells              Type           Power        Failure   Level  Hunger
a - Summon Small Mammal   Summ           ###.         3%          1    #......


Dungeon Overview and Level Annotations

Branches:
Dungeon (2/15)

Altars:
Cheibriados
Kikubaaqudgha
Okawaru
Wu Jian
Xom
Zin


Innate Abilities, Weirdness & Mutations

Your plain brown scales are hard. (AC +5)
You cannot fit into any form of body armour.
You are cold-blooded and may be slowed by cold attacks.


Message History

Casting: Summon Small Mammal (safe; 3% risk of failure)
Confirm with . or Enter, or press ? or * to list all spells.
The quokka bites you but does no damage.
The leopard gecko closely misses your quokka.
Casting: Summon Small Mammal (safe; 3% risk of failure)
Confirm with . or Enter, or press ? or * to list all spells.
The quokka bites you.
* * * LOW HITPOINT WARNING * * *
The leopard gecko bites your quokka but does no damage.
Your quokka bites the leopard gecko.
You barely miss the quokka.
The quokka bites you but does no damage.
The leopard gecko bites your quokka.
Your quokka bites the leopard gecko.
The leopard gecko dies!
Your rat bites the quokka but does no damage.
Unknown command.
It was a potion of resistance.
You feel protected. The quokka misses you.
Your quokka misses the quokka. The quokka bites you.
You die...

######### #........
#@##########
#r#........#
#rr........#
##K........#
#.........#
##........# ###
#........#
....#.....<..##
..............#.....


You could see a quokka, a kobold, a friendly quokka and a friendly rat.

Vanquished Creatures
  An adder (D:2)
  An ooze (D:1)
  A dart slug (D:1)
  3 giant cockroaches (D:1)
  2 goblins (D:1)
  5 hobgoblins (D:1)
  4 bats (D:1)
  A frilled lizard (D:1)
  3 kobolds
  6 rats (D:1)
27 creatures vanquished.

Vanquished Creatures (collateral kills)
  A gnoll (D:1)
  2 worms
  A leopard gecko (D:2)
  A hobgoblin (D:2)
5 creatures vanquished.

Grand Total: 32 creatures vanquished

Notes
Turn   | Place    | Note
-------+----------+-------------------------------------------
     0 | D:1      | KristoblXynda the Draconian Summoner began the quest for the Orb.
     0 | D:1      | Reached XP level 1. HP: 14/14 MP: 3/3
   406 | D:1      | Reached skill level 1 in Unarmed Combat
   406 | D:1      | Reached XP level 2. HP: 13/20 MP: 5/5
   538 | D:1      | Found a shimmering altar of Xom.
   540 | D:1      | Found a snail-covered altar of Cheibriados.
   540 | D:1      | Found a glowing silver altar of Zin.
   542 | D:1      | Found an ornate altar of the Wu Jian Council.
   542 | D:1      | Found an ancient bone altar of Kikubaaqudgha.
   542 | D:1      | Found an iron altar of Okawaru.
   723 | D:1      | You fall through a shaft!
   861 | D:1      | Reached XP level 3. HP: 14/26 MP: 6/6
  1571 | D:2      | HP: 1/26 [quokka (4)]
  1573 | D:2      | Slain by a quokka

Vault maps used:
D:1:      mushboom_english_gardens, corner_web_ring, doesnt_xom_only_xom
D:2:      lemuel_blue_sif_altar

Skill      XL: |  1  2  3 |
---------------+----------+-----
Dodging        | 2 |  2.3
Unarmed Combat | 1 2 |  2.2
Stealth        | |  1.7
Spellcasting   | |  2.0
Summonings     | |  4.3

Action                   || total
-------------------------++-------
Melee: Unarmed           ||   182
       Tailslap          ||    11
       Punch             ||     1
 Cast: Summon Small Mamm ||    16
  Use: Scroll            ||     2
       Potion            ||     1
 Stab: Sleeping          ||     3
  Eat: Chunk             ||     1
Armor: Skin              ||    76
Dodge: Dodged            ||   137

Table legend:
 A = Spawn XP
 B = Non-spawn XP
 C = Spawn XP percentage of total XP
 D = Spawn monster count
 E = Non-spawn monster count
 F = Spawn count percentage of total count
 G = Total turns spent on level
                    A         B        C        D         E        F      G
               +---------+---------+-------+---------+---------+-------+---------
         Total |       0 |      73 |   0.0 |       0 |      32 |   0.0 |  1573
               +---------+---------+-------+---------+---------+-------+---------
           D:1 |       0 |      54 |   0.0 |       0 |      27 |   0.0 |  1450
           D:2 |       0 |      19 |   0.0 |       0 |       5 |   0.0 |   123
               +---------+---------+-------+---------+---------+-------+---------
